AoeStats
← TIMVP

Arabia

509921429Analyzed
1v1 RM · 2d ago on Sep 28, 2026· 19m 46s· 2 players
Game mode
Random Map
Map size
Tiny (2 player)
Population
200
Speed
Normal
Resources
Standard
Victory
Conquest
Starting age
Dark Age
Ending age
Imperial Age
RankedLock teamsTeams togetherTeam positionsShared explorationLock speedFull tech treeHidden civsTurbo modeCheats
Victory
Defeat
🇨🇱 Lithuanians · Chile
585
+15
🇵🇪 Danes · Peru
556
-15
TIMVP
12:17 Feudal Age
12:43 Double-Bit Axe
13:37 Wheelbarrow
14:26 Horse Collar
21:42 Castle Age
IskiSick
10:48 Feudal Age
11:23 Horse Collar
12:15 Double-Bit Axe
15:44 Wheelbarrow
14:57 Loom
17:42 Fletching
19:34 Scale Barding Armor
Connection lost

Rejoining the realm…

Still unreachable

The connection could not be restored.

Session expired

The server has moved on; the page needs a fresh start.